cohdb
Replays
Latest Replays
All Replays
Popular Replays
Top Player Replays
Match Explorer
How It Works
Community
CoH3 Stats
Reddit
Sign in to upload your games and track your stats! →
Sign in with Steam
Match 42343180
Unlisted
Match 42343180
Overview
Messages
Build Orders
End
Construct Barracks
Selects Special Operations Battlegroup
Selects M29 Weasel Recon Vehicle
M29 Weasel Recon Vehicle
Riflemen Squad
Riflemen Squad
M1 Mortar Team
Riflemen Squad
Riflemen Squad
Riflemen Squad
Infantry Support Center
Construct Tank Depot
Selects Raiding Flares
Selects SSF Commando Squad
Grenade Package
Construct Medical Station
Selects Assault Operation
M4A1 Sherman Medium Tank
Engineer Squad
Selects Mark Vehicle
Selects UNKNOWN (2162291)
ZonaMortal
Nubbl0r
0
0
Comments
sign in to comment!
No comments posted yet!